 Dungeon Crawl Stone Soup version 0.28.0-53-g5a82cb258f (webtiles) character file.

Game seed: 11978381947633174698

22674 DemonSlayer the Thaumaturge (level 12, -3/81 HPs)
             Began as a Demonspawn Fire Elementalist on July 21, 2022.
             Was a High Priest of Cheibriados.
             Hit by a silver javelin thrown by a minotaur (6 damage)
             ... in a Gauntlet.
             The game lasted 00:48:44 (20492 turns).

DemonSlayer the Thaumaturge (DsFE)                 Turns: 20492, Time: 00:48:45

Health: -3/81      AC: 11    Str: 27    XL:     12   Next: 65%
Magic:  26/36      EV: 14    Int: 40    God:    Cheibriados [*****.]
Gold:   802        SH: 23    Dex: 30    Spells: 6/34 levels left

rFire   . . .      SeeInvis .   K - +3 flail (protect)
rCold   . . .      Faith    .   g - +5 tower shield of Quly {rElec Int+5}
rNeg    . . .      Spirit   .   M - +2 robe of the Lute {Dex+3}
rPois   .          Reflect  .   (no helmet)
rElec   +          Harm     .   s - +1 cloak
rCorr   .          Rampage  .   x - +2 pair of gloves "Obopnade" {Slay+3}
Will    .....      NoTele   +   (no boots)
Stlth   ++++......              n - amulet of regeneration
HPRegen 1.03/turn               a - ring of magical power
MPRegen 0.25/turn               L - +6 ring of strength

@: very slow
A: ignite blood 1, spiny 2, sharp scales 2, demonic touch 2
a: Renounce Religion, Bend Time, Temporal Distortion, Slouch, Step From Time


You were in a Gauntlet.
You worshipped Cheibriados.
Cheibriados was extremely pleased with you.
You visited 3 branches of the dungeon, and saw 14 of its levels.
You also visited: Ossuary, Bailey and Gauntlet.

You collected 1027 gold pieces.
You spent 225 gold pieces at shops.

Inventory:

Hand Weapons
 i - a +6 flail
 K - a +3 flail of protection (weapon)
Missiles
 j - 98 sling bullets
Armour
 g - the +5 tower shield of Quly (worn) {rElec Int+5}
   (You found it on level 7 of the Dungeon)

   Int:       It affects your intelligence (+5).
   rElec:     It insulates you from electricity.
 s - a +1 cloak (worn)
 t - a +2 robe of cold resistance
 x - the +2 pair of gloves "Obopnade" (worn) {Slay+3}
   (You acquired it on level 6 of the Dungeon)

   Slay:      It affects your accuracy & damage with ranged weapons and melee
   (+3).
 E - a +2 scale mail of willpower
 M - the +2 robe of the Lute (worn) {Dex+3}
   (You found it in a Gauntlet)

   Dex:       It affects your dexterity (+3).
Jewellery
 a - a ring of magical power (left hand)
 n - an amulet of regeneration (around neck)
 I - a ring of resist corrosion
 L - a +6 ring of strength (right hand)
Wands
 d - a wand of mindburst (10)
 o - a wand of flame (42)
 p - a wand of polymorph (3) (quivered)
 D - a wand of digging (5)
 H - a wand of paralysis (7)
 J - a wand of iceblast (3)
Scrolls
 f - 2 scrolls of enchant armour
 h - 4 scrolls of immolation
 k - 7 scrolls of teleportation
 l - 3 scrolls of fear
 r - a scroll of silence
 u - a scroll of amnesia
 y - a scroll of blinking
Potions
 b - 4 potions of brilliance
 c - a potion of might {unknown}
 e - 6 potions of curing
 m - 3 potions of lignification
 q - 2 potions of cancellation
 v - a potion of invisibility {unknown}
 w - 2 potions of heal wounds {unknown}
 z - a potion of mutation {unknown}
 A - 2 potions of flight {unknown}
 C - 2 potions of ambrosia
 F - a potion of attraction {unknown}
Miscellaneous
 B - a phial of floods


   Skills:
 + Level 3.1 Fighting
 + Level 4.5 Maces & Flails
 + Level 0.3(2.7) Staves
 + Level 1.4 Armour
 + Level 5.6 Dodging
 + Level 4.8 Stealth
 + Level 5.4 Shields
 + Level 0.7 Unarmed Combat
 + Level 11.8 Spellcasting
 + Level 4.9 Conjurations
 + Level 11.4 Fire Magic
 + Level 0.2 Evocations


You had 6 spell levels left.
You knew the following spells:

 Your Spells              Type           Power      Damage    Failure   Level
a - Foxfire               Conj/Fire      100%       2x1d9     1%          1
b - Scorch                Fire           100%       2d10      1%          2
c - Conjure Flame         Conj/Fire      73%        6-21      1%          3
d - Iskenderun's Mystic   Conj/Tloc      43%        2d10      50%         4
e - Flame Wave            Conj/Fire      73%        2d13      5%          4
f - Hailstorm             Conj/Ice       43%        3d10      50%         4
g - Dazzling Flash        Conj/Hex       86%        N/A       17%         3
h - Petrify               Tmut/Erth      23%        N/A       83%         4
i - Mephitic Cloud        Conj/Pois/Air  36%        N/A       22%         3

Your spell library contained the following spells:

 Spells                   Type           Power      Damage    Failure   Level
 Magic Dart               Conj           100%       1d8       1%          1
 Inner Flame              Hex/Fire       62%        N/A       4%          3
 Call Imp                 Summ           23%        N/A       22%         2
 Sublimation of Blood     Necr           23%        N/A       22%         2
 Starburst                Conj/Fire      36%        6d11      63%         6
 Ice Form                 Ice/Tmut       23%        N/A       83%         4
 Irradiate                Conj/Tmut      21%        3d20      83%         5
 Simulacrum               Ice/Necr       11%        N/A       100%        6


Dungeon Overview and Level Annotations

Branches:
Dungeon (10/15)            Temple (1/1) D:7            Lair (3/6) D:9
    Orc (0/2) D:10        Ossuary (visited)          Bailey (visited)
Gauntlet (1/1)
  Swamp: Lair:2-4    Shoals: Lair:2-4     Snake: Lair:2-4    Spider: Lair:2-4

Altars:
Ashenzari
Cheibriados
Dithmenos
Elyvilon
Fedhas
Gozag
Makhleb
Nemelex Xobeh
Okawaru
Ru
Sif Muna
Trog
Uskayaw
Vehumet
Xom
Zin
The Shining One

Shops:
D:2 *?   D:6 *

Annotations:
Lair:1 exclusion: oklob plant Gauntlet 10 transporters, exclusion: oklob plant


Innate Abilities, Weirdness & Mutations

Your demonic aura sometimes causes spilled blood to erupt in flames.
You are mostly covered in sharp spines.
You are mostly covered in razor-sharp scales. (AC +2, Slay +2)
Your touch may inflict irresistible damage on your foes.


Message History

You are engulfed in noxious fumes.
You choke on the stench!
You are confused.
The minotaur is engulfed in noxious fumes.
The minotaur hits you with a +6 lajatang of speed!
The minotaur closely misses you.
The minotaur is engulfed in noxious fumes. x2
The minotaur hits you with a +6 lajatang of speed!
The minotaur completely misses you.
There is an open door, spattered with blood here.
Okay, then.
You are too confused!
You barely miss the minotaur.
The minotaur is lightly wounded.
You feel less confused.
The minotaur is engulfed in noxious fumes.
You block the minotaur's attack. The minotaur gores you.
The minotaur is engulfed in noxious fumes.
The minotaur appears confused.
You block the minotaur's attack. x2
The minotaur is engulfed in noxious fumes.
The minotaur appears confused.
The minotaur resists with almost no effort.
The minotaur resists with almost no effort.
The minotaur hits you with a +6 lajatang of speed!!
You block the minotaur's attack.
The minotaur hits you with a +6 lajatang of speed!
* * * LOW HITPOINT WARNING * * *
The minotaur completely misses you. You block the minotaur's attack.
The minotaur gores you but does no damage.
There is an open door, spattered with blood here.
Blink to where?
Press: ? - help, Dir - move target, p - minotaur
As you read the scroll of blinking, it crumbles to dust.
Okay, then.
The minotaur seems less confused.
The minotaur is engulfed in blazing flames.
The minotaur throws a silver javelin.
The silver javelin pierces through you!!
* * * LOW HITPOINT WARNING * * *
The silver sears you!
You die...

#. # ### ..#. #.
... .8 ## .##.# #.
.... ..8.##
..#.#...#.
#########.#.#.8.#.
#8[8[8.8#...#...#≈
#@.....H°.###.8.#∩
#8[8}8.8#...#...#≈
#########.#.#.8.#.
.....#.#...#.
#8........8.##
##.##.###.....
#........8.##
########...#.
#§8≈#.


You could see a minotaur.

Vanquished Creatures
  6 hydras
  A two-headed ogre (D:9)
  A necromancer (Gauntlet)
  A black mamba (Lair:2)
  4 elephants (Lair:2)
  Maurice (D:10)
  2 cane toads
  3 komodo dragons (Lair:1)
  A queen bee (Gauntlet)
  A polar bear (Lair:1)
  A hornet (D:9)
  3 blink frogs (Lair:1)
  A slime creature (D:5)
  7 dream sheep (Lair:2)
  3 spriggans (Lair:2)
  6 flying skulls (Gauntlet)
  2 wraiths
  7 wyverns
  21 yaks
  2 basilisks (D:9)
  2 steam dragons (D:9)
  A vampire mosquito (D:10)
  7 water moccasins
  9 orc warriors
  3 necrophages
  An ogre (D:6)
  4 centaurs
  5 wolves (Gauntlet)
  A phantom (D:5)
  3 elf zombies
  2 kobold brigands
  4 bullfrogs
  A gnoll sergeant (D:5)
  2 elf skeletons (D:5)
  2 wyvern zombies (D:8)
  A scorpion (D:5)
  A wyvern skeleton (D:7)
  6 killer bees
  5 wights (D:7)
  A howler monkey (D:10)
  3 centaur zombies
  3 jellies (D:5)
  3 bullfrog skeletons
  3 human zombies (Ossuary)
  2 orc priests
  2 centaur skeletons
  3 hounds
  3 iguanas
  Jessica (D:3)
  2 human skeletons (D:5)
  5 orc wizards
  A hound skeleton (D:5)
  2 mummies (Ossuary)
  A howler monkey zombie (D:8)
  17 gnolls
  9 adders
  A shadow imp (D:4)
  5 white imps
  An ufetubus (D:7)
  2 worms
  A dart slug (D:2)
  48 orcs
  9 endoplasms
  11 goblins
  9 hobgoblins
  2 jackals (D:3)
  2 quokkas
  9 ball pythons
  A bat (D:2)
  3 frilled lizards
  4 hobgoblin zombies (Ossuary)
  A jackal zombie (Ossuary)
  27 kobolds
  18 kobold zombies (Ossuary)
  7 orc zombies (Ossuary)
  7 rats
  2 rat zombies (Ossuary)
365 creatures vanquished.

Vanquished Creatures (others)
  5 dream sheep (D:10)
  719 foxfires
  14 fungi
  58 plants
  6 toadstools (D:5)
  14 withered plants (Gauntlet)
816 creatures vanquished.

Grand Total: 1181 creatures vanquished

Notes
Turn   | Place    | Note
-------+----------+-------------------------------------------
     0 | D:1      | DemonSlayer the Demonspawn Fire Elementalist began the
                  | quest for the Orb.
     0 | D:1      | Reached XP level 1. HP: 13/13 MP: 3/3
   778 | D:1      | Gained mutation: Your demonic aura sometimes causes spilled
                  | blood to erupt in flames. [demonic ancestry]
   778 | D:1      | Reached XP level 2. HP: 11/19 MP: 1/5
   953 | D:1      | Learned a level 2 spell: Scorch
  1365 | D:2      | Found a shimmering altar of Xom.
  1658 | D:2      | Found Falaes's General Store.
  1721 | D:2      | Found Zoaqim's Magic Scroll Shoppe.
  1802 | D:2      | Bought a scroll of teleportation for 39 gold pieces
  1802 | D:2      | Bought a scroll of fear for 45 gold pieces
  1831 | D:2      | Reached XP level 3. HP: 24/24 MP: 0/6
  2689 | D:2      | Learned a level 3 spell: Conjure Flame
  3028 | D:3      | Gained mutation: You are partially covered in razor-sharp
                  | scales. (AC +1, Slay +1) [demonic ancestry]
  3028 | D:3      | Reached XP level 4. HP: 30/30 MP: 3/7
  3483 | D:3      | Noticed Jessica
  3488 | D:3      | Killed Jessica
  3578 | D:3      | Gained mutation: You are partially covered in sharp spines.
                  | [demonic ancestry]
  3578 | D:3      | Reached XP level 5. HP: 32/35 MP: 4/9
  3972 | D:3      | Learned a level 4 spell: Iskenderun's Mystic Blast
  5239 | D:5      | Entered Level 5 of the Dungeon
  5351 | D:5      | Gained mutation: Your touch may inflict minor irresistible
                  | damage on your foes. [demonic ancestry]
  5351 | D:5      | Reached XP level 6. HP: 27/41 MP: 0/11
  5752 | D:5      | Found a sand-covered staircase.
  5874 | Ossuary  | Entered an ossuary
  6328 | Ossuary  | Reached XP level 7. HP: 42/46 MP: 1/13
  6645 | Ossuary  | Reached skill level 5 in Fire Magic
  7274 | Ossuary  | Learned a level 4 spell: Flame Wave
  7328 | D:5      | Reached skill level 5 in Spellcasting
  8279 | D:5      | Reached XP level 8. HP: 52/52 MP: 9/16
  8642 | D:6      | Found Ciruoj's Assorted Antiques.
  8760 | D:6      | Bought a scroll labelled RYMMYM MARCHUIL for 30 gold pieces
  8760 | D:6      | Bought an embroidered robe for 111 gold pieces
  9209 | D:6      | Found an opulent altar of Gozag.
  9696 | D:6      | Found a shimmering blue altar of Sif Muna.
  9996 | D:6      | Learned a level 4 spell: Hailstorm
 10153 | D:7      | Found a shadowy altar of Dithmenos.
 10269 | D:8      | Found a blossoming altar of Fedhas.
 10274 | D:7      | Found a flagged portal.
 10284 | Bailey   | Entered a bailey
 10343 | Bailey   | Noticed an orc warlord
 10512 | Bailey   | Found a runed translucent gate.
 10515 | Bailey   | Found a runed translucent gate.
 10516 | Bailey   | Found a runed translucent gate.
 10785 | Bailey   | Found the ring of the Octopus King {MP+9 AC+1 EV+1 Str+1
                  | Int+1 Dex+1}
 11172 | D:6      | Acquired the +2 pair of gloves "Obopnade" {Slay+3}
 11316 | D:7      | Reached XP level 9. HP: 49/57 MP: 2/19
 11329 | D:7      | Reached skill level 1 in Fighting
 11470 | D:7      | Identified the +5 tower shield of Quly {rElec Int+5}
 11547 | D:7      | Found a bloodstained altar of Trog.
 11607 | D:7      | Found a staircase to the Ecumenical Temple.
 11856 | Temple   | Entered the Ecumenical Temple
 11908 | Temple   | Became a worshipper of Cheibriados the Contemplative
 11993 | D:7      | Learned a level 3 spell: Dazzling Flash
 12567 | D:5      | Reached * piety under Cheibriados
 13170 | D:8      | Found a broken altar of Ashenzari.
 13847 | D:8      | Reached ** piety under Cheibriados
 13939 | D:8      | Found an iron altar of Okawaru.
 13964 | D:8      | Reached skill level 1 in Shields
 14437 | D:8      | Learned a level 4 spell: Petrify
 14502 | D:9      | Reached skill level 1 in Maces & Flails
 14509 | D:9      | Gained mutation: Your touch may inflict irresistible damage
                  | on your foes. [demonic ancestry]
 14509 | D:9      | Reached XP level 10. HP: 63/65 MP: 4/22
 14535 | D:9      | Reached *** piety under Cheibriados
 14699 | D:9      | Found a staircase to the Lair.
 15043 | D:9      | Noticed a two-headed ogre
 15055 | D:9      | Killed a two-headed ogre
 15523 | D:9      | Found a burning altar of Makhleb.
 15525 | D:9      | Noticed an angel
 15526 | D:9      | Noticed a balrug
 15599 | D:10     | Entered Level 10 of the Dungeon
 15720 | D:10     | Found a staircase to the Orcish Mines.
 15893 | D:10     | Reached **** piety under Cheibriados
 15942 | D:10     | Found a shimmering altar of Xom.
 15999 | D:10     | Noticed Maurice
 16011 | D:10     | Killed Maurice
 16012 | D:10     | Reached skill level 10 in Spellcasting
 16345 | D:10     | Gained mutation: You are mostly covered in sharp spines.
                  | [demonic ancestry]
 16345 | D:10     | Reached XP level 11. HP: 72/72 MP: 25/25
 16966 | Lair:1   | Entered Level 1 of the Lair of Beasts
 16996 | Lair:1   | Noticed a five-headed hydra
 17001 | Lair:1   | Killed a five-headed hydra
 17064 | Lair:1   | Noticed a five-headed hydra
 17072 | Lair:1   | Killed a five-headed hydra
 17120 | Lair:1   | Reached skill level 10 in Fire Magic
 17341 | Lair:1   | Noticed a four-headed hydra
 17348 | Lair:1   | Killed a four-headed hydra
 17493 | Lair:1   | Reached skill level 1 in Armour
 18148 | Lair:1   | Noticed an oklob plant
 18177 | Lair:1   | Learned a level 3 spell: Mephitic Cloud
 18217 | Lair:2   | Identified the +6 falchion of Cuer {venom, rN++ Will++
                  | Int-4}
 18391 | Lair:2   | Reached ***** piety under Cheibriados
 18509 | Lair:2   | Noticed a four-headed hydra
 18516 | Lair:2   | Killed a four-headed hydra
 18517 | Lair:2   | Gained mutation: You are mostly covered in razor-sharp
                  | scales. (AC +2, Slay +2) [demonic ancestry]
 18517 | Lair:2   | Reached XP level 12. HP: 50/80 MP: 26/27
 18673 | Lair:2   | Reached skill level 5 in Dodging
 18822 | Lair:2   | Noticed an eight-headed hydra
 18832 | Lair:2   | Killed an eight-headed hydra
 19636 | Lair:3   | Noticed a four-headed hydra
 19643 | Lair:3   | Killed a four-headed hydra
 19644 | Lair:3   | Reached skill level 5 in Shields
 19658 | Lair:3   | Found a gate leading to a gauntlet.
 19667 | Gauntlet | Entered a Gauntlet
 19667 | Gauntlet | Found a transporter.
 19667 | Gauntlet | Found a transporter.
 19679 | Gauntlet | Found a transporter.
 19692 | Gauntlet | Found a transporter.
 19714 | Gauntlet | Found a transporter.
 19728 | Gauntlet | Found a transporter.
 19731 | Gauntlet | Noticed a death scarab
 19734 | Gauntlet | Noticed a death scarab
 19834 | Gauntlet | Found a transporter.
 19852 | Gauntlet | Found a transporter.
 19876 | Gauntlet | Found a transporter.
 19890 | Gauntlet | Found a transporter.
 19914 | Gauntlet | Found a transporter.
 20008 | Gauntlet | Found a transporter.
 20008 | Gauntlet | Found a transporter.
 20026 | Gauntlet | Found a transporter.
 20027 | Gauntlet | Found a transporter.
 20231 | Gauntlet | Identified the +2 robe of the Lute {Dex+3}
 20280 | Gauntlet | Found a transporter.
 20472 | Gauntlet | Identified the +6 arbalest "Huiguydgh" {venom, *Slow Int+5
                  | Dex+9}
 20472 | Gauntlet | Identified the +10 crystal plate armour "Solooskokh"
                  | {Rampage rN++}
 20472 | Gauntlet | Noticed a minotaur
 20492 | Gauntlet | HP: 3/81 [minotaur/silver javelin (18)]
 20492 | Gauntlet | Hit by a silver javelin thrown by a minotaur

Illustrated notes

Levels and vault maps discovered:
D:1:      kennysheep_arrival_seaside, layout_basic, minmay_misc_feat_chi,
          minmay_domino_2
D:2:      layout_loops_corners, basic_altar, serial_shops,
          nicolae_shop_waterfront, nicolae_shop_advertising_works
          [nicolae_subvault_shop_adworks], serial_park_tiny_1
D:3:      layout_basic, uniq_jessica
D:4:      layout_rooms
D:5:      cheibrodos_fertilizer, layout_loops_corners,
          nicolae_ossuary_entry_catacombs, grunt_ministairs_15
D:6:      layout_basic, kennysheep_mini_moat, nicolae_sif_muna_little_library,
          nicolae_stop_n_shop_1
D:7:      layout_rooms, grunt_dithmenos_smoke, trog_three_pillars_becter,
          minmay_temple_entry_trees, enter_bailey_6
D:8:      layout_loops_ring, mainiacjoe_overflow_small_starburst,
          mainiacjoe_overflow_cross_hatched, lemuel_doored_altar
D:9:      layout_loops_ring, grunt_temple_overflow_order_and_chaos_2, tso_altar,
          minmay_lair_entry_grove
D:10:     layout_layer_cave, kb_xom_exploding_sheep, orc_david_3, st_stairs_2,
          uniq_maurice
Temple:   jpeg_temple_clearing
Lair:1:   dpeg_oklob_gauntlet, layout_cave_pods, infiniplex_staircase_pool
Lair:2:   layout_cave_pods, wad_woods_02, grunt_megastairs_1
Lair:3:   layout_chaotic_city, gauntlet_entry_generic, serial_bayou_lake_a
Gauntlet: gammafunk_gauntlet_branching [gammafunk_gauntlet_arena_chambers,
          nicolae_gauntlet_arena_t_cross, nicolae_gauntlet_swirl,
          nicolae_gauntlet_arena_quarters, nicolae_gauntlet_arena_flowing_pool,
          gammafunk_gauntlet_arena_arrow_garden,
          gammafunk_gauntlet_arena_split_diamond, nicolae_gauntlet_arena_x,
          nicolae_gauntlet_exit_dead_adventurers]

Skill      XL: |  1  2  3  4  5  6  7  8  9 10 11 12 |
---------------+-------------------------------------+-----
Fire Magic     | 3 4 5 7 8 9 10 11 | 11.4
Stealth        | 2 3 4 |  4.8
Conjurations   | 2 3 4 |  4.9
Spellcasting   | 3 4 5 6 8 10 11 | 11.8
Dodging        | 2 3 4 5 |  5.6
Fighting       | 1 2 3 |  3.1
Shields        | 1 3 4 5 |  5.4
Maces & Flails | 1 2 4 |  4.5
Armour         | 1 |  1.4
Staves         | |  0.3
Unarmed Combat | |  0.7
Evocations     | |  0.2

Action                   |  1- 3 |  4- 6 |  7- 9 | 10-12 || total
-------------------------+-------+-------+-------+-------++-------
Melee: Unarmed           |    22 |     1 |     6 |       ||    29
       Dagger            |       |     4 |       |       ||     4
       Staff             |       |    14 |     8 |       ||    22
       Touch             |       |     2 |     5 |       ||     7
       Flail             |       |       |    32 |   126 ||   158
Throw: Throwing net      |       |       |       |     1 ||     1
 Cast: Foxfire           |    93 |    68 |   227 |    26 ||   414
       Scorch            |     2 |    60 |   163 |   193 ||   418
       Conjure Flame     |       |       |       |     3 ||     3
       Flame Wave        |       |       |       |     5 ||     5
       Mephitic Cloud    |       |       |       |     2 ||     2
Invok: Bend Time         |       |       |       |     1 ||     1
Evoke: Wand              |       |     5 |     8 |     5 ||    18
  Use: Scroll            |       |     9 |    11 |    11 ||    31
       Potion            |       |       |     2 |     2 ||     4
 Stab: Sleeping          |       |       |     2 |     4 ||     6
       Distracted        |       |       |       |     1 ||     1
Armor: Robe              |     7 |     9 |    41 |    60 ||   117
       Skin              |       |       |     2 |       ||     2
       Scale mail        |       |       |       |    23 ||    23
Dodge: Dodged            |    18 |    22 |    54 |    96 ||   190
Block: Other             |     7 |    10 |     5 |       ||    22
       Reflection        |     1 |       |       |       ||     1
       Tower shield      |       |       |   109 |   362 ||   471
